AoeStats
← Jazzmushroom

Black Forest

510459271Analyzed
4v4 RM · 12h ago on Oct 1, 2026· 44m 42s· 8 players
Game mode
Random Map
Map size
Large (8 player)
Population
200
Speed
Normal
Resources
Standard
Victory
Conquest
Starting age
Dark Age
Ending age
Imperial Age
RankedLock teamsTeams togetherTeam positionsShared explorationLock speedFull tech treeHidden civsTurbo modeCheats
Victory
Defeat
🇺🇸 Portuguese · United States
1405
+15
🇦🇷 Sicilians · Argentina
1403
+15
🇹🇼 Chinese · Taiwan
1360
+17
🇵🇪 Magyars · Peru
1357
+17
🇲🇽 Danes · Mexico
1642
-25
🇦🇷 Vietnamese · Argentina
1531
-22
🇲🇽 Spanish · Mexico
1188
-26
🇨🇴 Hindustanis · Colombia
1172
-8
Jazzmushroom
11:18 Feudal Age
15:46 Castle Age
14:47 Stone Mining
14:44 Double-Bit Axe
14:42 Horse Collar
17:34 Bow Saw
18:16 Loom
19:07 Wheelbarrow
19:03 Heavy Plow
21:17 Gold Mining
22:23 Fletching
26:26 Bodkin Arrow
29:17 Heresy
29:31 Scale Barding Armor
29:38 Forging
32:18 Imperial Age
29:51 Town Watch
30:18 Husbandry
30:30 Light Cavalry
31:56 Hand Cart
33:11 Coinage
33:16 Bloodlines
34:05 Bracer
35:16 Banking
34:50 Padded Archer Armor
36:00 Chain Barding Armor
36:16 Iron Casting
35:03 Cavalier
36:55 Elite Organ Gun
38:43 Chemistry
37:50 Siege Engineers
39:49 Plate Barding Armor
40:15 Blast Furnace
42:24 Devotion
45:01 Faith
JINJIN
0:36 Loom
10:41 Feudal Age
14:34 Castle Age
12:25 Double-Bit Axe
13:06 Gold Mining
14:11 Horse Collar
19:23 Ballistics
26:25 Heavy Plow
26:33 Pikeman
30:21 Wheelbarrow
29:38 Stone Mining
31:28 Bow Saw
37:43 Imperial Age
36:47 Forging
36:37 Scale Mail Armor
36:54 Hand Cart
37:16 Gold Shaft Mining
37:52 Capped Ram
38:57 Siege Ram
38:59 Heavy Scorpion
40:07 Halberdier
41:23 Rocketry
42:07 Chemistry
42:33 Iron Casting
42:14 Chain Mail Armor
aq.gjoel
0:32 Loom
12:40 Feudal Age
17:40 Castle Age
16:16 Double-Bit Axe
24:40 Town Watch
26:20 Fletching
28:36 Bow Saw
28:33 Husbandry
28:43 Bloodlines
29:46 Wheelbarrow
31:34 Scale Barding Armor
40:09 Imperial Age
37:59 Hand Cart
38:10 Horse Collar
38:36 Gold Mining
38:21 Pikeman
39:34 Scale Mail Armor
41:05 Gold Shaft Mining
41:21 Conscription
41:01 Halberdier
43:15 Two-Man Saw
42:18 Heavy Plow
42:53 Chain Mail Armor
44:05 Chain Barding Armor
ds_manu2
12:24 Feudal Age
12:29 Man-at-Arms
16:28 Arson
IamAlPTremo
0:37 Loom
10:52 Feudal Age
14:50 Castle Age
13:02 Double-Bit Axe
14:40 Gold Mining
16:06 Bow Saw
20:31 Sanctity
22:19 Fervor
24:52 Wheelbarrow
27:18 Redemption
34:29 Imperial Age
32:42 Scale Mail Armor
32:53 Forging
33:03 Bow Saw
33:07 Fletching
33:46 Hamask
35:22 Bodkin Arrow
36:00 Chain Mail Armor
35:30 Horse Collar
36:09 Hand Cart
37:57 Onager
39:51 Chemistry
38:47 Bodkin Arrow
39:49 Heavy Plow
39:40 Stone Mining
41:49 Siege Onager
42:59 Block Printing
44:42 Plate Mail Armor
44:48 Iron Casting
44:14 Padded Archer Armor
44:24 Caravan
rockiemantrue
8:58 Loom
13:28 Feudal Age
16:07 Fletching
17:40 Fletching
17:58 Padded Archer Armor
20:20 Castle Age
28:19 Castle Age
26:32 Double-Bit Axe
27:36 Horse Collar
35:18 Wheelbarrow
42:27 Padded Archer Armor
42:51 Stone Mining
44:11 Leather Archer Armor
Petrovisky
11:25 Feudal Age
14:59 Castle Age
13:00 Double-Bit Axe
12:56 Horse Collar
17:38 Bow Saw
18:00 Heavy Plow
25:57 Loom
26:50 Wheelbarrow
27:26 Town Watch
31:06 Gold Mining
31:07 Stone Mining
ArfGran
1:38 Loom
13:34 Feudal Age
17:45 Castle Age
15:45 Double-Bit Axe
18:20 Bloodlines
18:15 Gold Mining
19:03 Husbandry
20:33 Bow Saw
22:51 Scale Barding Armor
25:09 Forging
26:30 Horse Collar
30:08 Wheelbarrow
29:28 Stone Mining
30:56 Chain Barding Armor
31:37 Hand Cart
33:39 Hand Cart
34:12 Iron Casting
33:25 Light Cavalry
38:04 Imperial Age
35:48 Town Watch
38:17 Fletching
39:09 Elite Battle Elephant
41:24 Plate Barding Armor
41:09 Heavy Plow
41:19 Chatras
42:08 Town Patrol
44:28 Two-Man Saw
43:15 Cavalier
Connection lost

Rejoining the realm…

Still unreachable

The connection could not be restored.

Session expired

The server has moved on; the page needs a fresh start.